 Dungeon Crawl Stone Soup version 0.29-a0-206-g4a66f2e2b5 (webtiles) character file.

Game seed: 7671361018115664419

170 Hasart the Shooter (level 5, 0/42 HPs)
             Began as a Demigod Hunter on Feb 23, 2022.
             Slain by a black bear (2 damage)
             ... on level 3 of the Dungeon.
             The game lasted 00:03:59 (3214 turns).

Hasart the Shooter (Demigod Hunter)                 Turns: 3214, Time: 00:03:59

Health: 0/42       AC:  3    Str: 13    XL:     5   Next: 4%
Magic:  7/7        EV: 13    Int: 13    God:
Gold:   155        SH:  0    Dex: 18    Spells: 4/4 levels left

rFire   . . .      SeeInvis .   a - +1 shortbow
rCold   . . .      Faith    .   (shield currently unavailable)
rNeg    . . .      Spirit   .   g - +1 robe "Sukhlo" {Stlth+}
rPois   .          Reflect  .   (no helmet)
rElec   .          Harm     .   (no cloak)
rCorr   .          Rampage  .   (no gloves)
Will    .....                   (no boots)
Stlth   +++.......              (no amulet)
HPRegen 0.14/turn               (no ring)
MPRegen 0.10/turn               (no ring)

@: no status effects
A: high MP 1, forlorn, divine attributes
a: no special abilities


You were on level 3 of the Dungeon.
You visited 1 branch of the dungeon, and saw 4 of its levels.

You collected 155 gold pieces.

Inventory:

Hand Weapons
 a - a +1 shortbow (weapon)
Armour
 b - a +0 leather armour
 g - the +1 robe "Sukhlo" (worn) {Stlth+}
   (You found it on level 2 of the Dungeon)

   Stlth:     It makes you more stealthy.
Jewellery
 f - a ring of poison resistance
Wands
 i - a wand of iceblast (13)
 j - a wand of paralysis (6)
Scrolls
 c - 2 scrolls of magic mapping {unknown}
 d - 5 scrolls of identify {unknown}
 k - a scroll of teleportation {unknown}
 m - a scroll of fog {unknown}
Potions
 e - 3 potions of lignification {unknown}
 h - a potion of curing {unknown}
 l - a potion of heal wounds {unknown}


   Skills:
 + Level 2.5 Fighting
 * Level 4.6 Bows
 + Level 2.6 Dodging
 + Level 2.1 Stealth
 + Level 1.2 Evocations


You had 4 spell levels left.
You didn't know any spells.
Your spell library contained the following spells:

 Spells                   Type           Power      Damage    Failure   Level
 Corpse Rot               Necr/Air       0%         N/A       43%         2
 Ensorcelled Hibernation  Hex/Ice        0%         N/A       43%         2
 Poisonous Vapours        Pois/Air       0%         N/A       43%         2
 Call Canine Familiar     Summ           0%         N/A       67%         3
 Dazzling Flash           Conj/Hex       0%         N/A       67%         3
 Portal Projectile        Hex/Tloc       0%         N/A       67%         3
 Spider Form              Tmut/Pois      0%         N/A       67%         3
 Anguish                  Hex/Necr       0%         N/A       97%         4
 Leda's Liquefaction      Hex/Erth       0%         N/A       97%         4
 Agony                    Necr           0%         N/A       100%        5
 Silence                  Hex/Air        0%         N/A       100%        5


Dungeon Overview and Level Annotations

Branches:
Dungeon (4/15)
 Temple: D:4-7


Innate Abilities, Weirdness & Mutations

You have an increased reservoir of magic. (+10% MP)
You shall have no god before yourself.
Your divine heritage dramatically boosts your attributes as you level up.


Message History

Press: ? - help, Q - select action, (/) - cycle Shift-Dir - straight line, f/p - black bear
Aim: a black bear (heavily wounded, 72% to hit)
You shoot an arrow.
The arrow closely misses the black bear.
The black bear closely misses you.
The black bear claws you but does no damage.
The black bear barely misses you.
Shoot: a) +1 shortbow
Press: ? - help, Q - select action, (/) - cycle Shift-Dir - straight line, f/p - black bear
Aim: a black bear (heavily wounded, 72% to hit)
You shoot an arrow.
The arrow closely misses the black bear.
The black bear misses you. x2; The black bear barely misses you.
The black bear closely misses you. The black bear barely misses you.
The black bear claws you.
Shoot: a) +1 shortbow
Press: ? - help, Q - select action, (/) - cycle Shift-Dir - straight line, f/p - black bear
Aim: a black bear (heavily wounded, 72% to hit)
You shoot an arrow. The arrow barely misses the black bear.
The black bear bites you. The black bear claws you. x2
Unknown command.
Shoot: a) +1 shortbow
Press: ? - help, Q - select action, (/) - cycle Shift-Dir - straight line, f/p - black bear
Aim: a black bear (heavily wounded, 72% to hit)
You shoot an arrow. The arrow hits the black bear!
The black bear is almost dead.
The black bear goes berserk!
Shoot: a) +1 shortbow
Press: ? - help, Q - select action, (/) - cycle Shift-Dir - straight line, f/p - black bear
Aim: a black bear (almost dead, berserk, 72% to hit)
You shoot an arrow. The arrow hits the black bear.
The black bear is almost dead.
The black bear bites you!
* * * LOW HITPOINT WARNING * * *
The black bear claws you.
* * * LOW HITPOINT WARNING * * *
The black bear claws you.
* * * LOW HITPOINT WARNING * * *
The black bear bites you.
You die...

####...........#...#..#.......###
........>..........#......##.....
####...........#....#..#......###
#...###.)....#...#....##...##
#...# #......#....#.........#
#...# #......#...#.##.(.##..#
#)..# #......#.......##.....#
##### #......h#........##...#
#.#.###@#.#........##.#
####(#.#..<#.####........#
#......#.....# #####....#
#......#.....# ######
#......##....# ####.#.##....#
#......#....############
#......#....#..........#
#......#....#..........#


You could see a black bear (berserk).

Vanquished Creatures
  A hound (D:4)
  An iguana (D:4)
  An orc wizard (D:3)
  2 adders
  2 adder skeletons (D:4)
  A worm (D:3)
  2 dart slugs
  8 orcs
  2 ball pythons
  5 bats
  4 endoplasms
  A giant cockroach (D:3)
  5 goblins
  2 hobgoblins
  2 jackals (D:4)
  5 kobolds
  8 rats
52 creatures vanquished.

Notes
Turn   | Place    | Note
-------+----------+-------------------------------------------
     0 | D:1      | Hasart the Demigod Hunter began the quest for the Orb.
     0 | D:1      | Reached XP level 1. HP: 17/17 MP: 3/3
   267 | D:1      | Reached skill level 1 in Stealth
   384 | D:1      | Reached XP level 2. HP: 24/24 MP: 4/4
   945 | D:2      | Identified the +1 robe "Sukhlo" {Stlth+}
  1037 | D:2      | Reached skill level 4 in Bows
  1248 | D:2      | Reached XP level 3. HP: 24/29 MP: 5/5
  2133 | D:3      | Reached XP level 4. HP: 37/37 MP: 6/6
  2514 | D:4      | Reached skill level 1 in Evocations
  2919 | D:4      | Reached XP level 5. HP: 22/42 MP: 7/7
  2920 | D:4      | Noticed a black bear
  3214 | D:3      | HP: 2/42 [black bear (2)]
  3214 | D:3      | Slain by a black bear

Illustrated notes

Levels and vault maps discovered:
D:1:      nzn_arrival_settlement, layout_basic,
          shapermc_ecumenical_altar_mp_ritualfount,
          nicolae_concentric_dashed_squares_mild, st_stairs_8,
          chequers_serial_rivers_room_a
D:2:      layout_basic, serial_glass, glass_columns_b, glass_columns_b,
          glass_columns_b, glass_columns_a, glass_columns_a, glass_columns_a,
          glass_columns_b, glass_columns_c, kennysheep_generic_room_13
D:3:      layout_basic, overflow_temple_1_default, hangedman_decor_peaks_small,
          kennysheep_generic_room_7
D:4:      layout_loops_ring, zin_scriptorium, minmay_misc_feat_doors

Skill      XL: |  1  2  3  4 |
---------------+-------------+-----
Stealth        | 1 2 |  2.1
Fighting       | 2 |  2.5
Dodging        | 2 |  2.6
Bows           | 4 |  4.6
Evocations     | 1 |  1.2

Action                   |  1- 3 |  4- 6 || total
-------------------------+-------+-------++-------
 Fire: Shortbow          |   100 |    71 ||   171
Armor: Leather armour    |     7 |       ||     7
       Robe              |     2 |     1 ||     3
Dodge: Dodged            |    18 |    24 ||    42

Table legend: (Time is in decaauts)
 A = Elapsed time spent in this place.
 B = Non-inter-level travel time spent in this place.
 C = Inter-level travel time spent in this place.
 D = Time resting spent in this place.
 E = Time spent auto-exploring this place.
 F = Levels seen in this place.
 G = Mean time per level.
                   A        B        C        D        E       F      G
               +--------+--------+--------+--------+--------+-----+--------+
         Total |   3268 |   3124 |    144 |    274 |   2368 |   4 |  817.0 |
       Dungeon |   3268 |   3124 |    144 |    274 |   2368 |   4 |  817.0 |
               +--------+--------+--------+--------+--------+-----+--------+

Top non-repeatable levels by time:
     D:3: 1307 daAuts
     D:2: 913 daAuts
     D:1: 786 daAuts
     D:4: 260 daAuts
